Map: Eternal Empire LE

Players

rawwbone

  • Race: Zerg Zerg
  • League: Gold
  • Spawn Location: 7:00

A.I. 1 (Very Easy) - Winner!

  • Race: Terran Terran
  • Spawn Location: 1:00

VOD

Have the link to the VOD?

Description

Time

  • Played on: March 9, 2020, 8:03 a.m.
  • Length: 10:26
Show
View Real Time Build Order
Export as new Build Order

rawwbone Zerg 

Build Orders: Hatch First, Roach Hydra 

Get SALT Encoding   

  12  0:01  Drone  
  13  0:12  Overlord  
  13  0:17  Drone  
  14  0:30  Drone x2  
  16  0:52  Hatchery  
  16  0:53  Drone  
  16  1:00  Drone x2  
  18  1:18  Spawning Pool  
  17  1:19  Drone  
  17  1:20  Drone  
  19  1:29  Drone  
  20  1:32  Extractor  
  20  1:39  Overlord  
  19  1:51  Drone  
  20  2:00  Drone  
  21  2:04  Queen x2  
  21  2:05  Drone  
  26  2:12  Drone  
  27  2:16  Drone  
  27  2:22  Drone  
  29  2:27  Drone  
  30  2:33  Drone  
  31  2:38  Overlord  
  31  2:41  Lair  
  31  2:44  Queen  
  33  2:51  Drone x2  
  33  2:54  Overlord  
  33  2:58  Drone  
  36  3:04  Roach Warren  
  36  3:05  Evolution Chamber  
  34  3:08  Drone  
  34  3:09  Drone  
  36  3:18  Drone x5  
  41  3:23  Extractor x2  
  39  3:27  Drone x3  
  42  3:35  Overlord  
  42  3:36  Overlord  
  42  3:48  Drone x3  
  42  3:49  Drone x3  
  42  3:51  Overlord  
  48  3:58  Glial Reconstitution  
  48  4:01  Zerg Missile Weapons Level 1  
  48  4:03  Roach  
  48  4:05  Roach  
  52  4:15  Roach  
  52  4:16  Roach  
  56  4:22  Roach  
  56  4:23  Roach  
  60  4:31  Roach x6  
  72  4:48  Overlord  
  72  4:49  Overlord  
  72  4:53  Hatchery  
  71  5:00  Overlord x3  
  71  5:01  Overlord  
  71  5:14  Hydralisk Den  
  71  5:17  Evolution Chamber, Drone x2  
  71  5:23  Drone, Extractor  
  71  5:25  Drone x2  
  71  5:26  Drone  
  74  5:32  Drone  
  74  5:33  Drone  
  76  5:41  Drone x6  
  82  5:43  Drone  
  82  5:47  Drone  
  82  5:48  Queen  
  86  6:00  Drone  
  86  6:01  Drone  
  86  6:03  Drone  
  86  6:04  Drone x2  
  91  6:06  Drone x5  
  96  6:13  Drone  
  96  6:16  Drone x2  
  99  6:24  Drone  
  100  6:27  Extractor x2  
  100  6:32  Zerg Missile Weapons Level 2  
  98  6:33  Zerg Ground Armor Level 1  
  98  6:35  Grooved Spines  
  98  6:42  Drone x6  
  98  6:43  Drone x6  
  110  6:56  Drone x3  
  113  7:02  Hatchery  
  113  7:06  Drone  
  113  7:07  Drone x2  
  115  7:16  Drone x2  
  115  7:17  Drone  
  118  7:39  Overlord x2  
  118  7:40  Overlord x5  
  118  7:41  Overlord  
  118  7:46  Muscular Augments  
  118  7:51  Hydralisk x6  
  130  8:00  Hydralisk x5  
  140  8:06  Overlord  
  140  8:14  Infestation Pit  
  140  8:16  Hydralisk x8  
  155  8:36  Extractor  
  155  8:37  Hydralisk x10, Extractor  
  173  8:46  Hydralisk x6  
  185  8:51  Hive  
  185  8:55  Metabolic Boost  
  185  9:05  Hydralisk x7  
  199  9:11  Drone  
Show
View Real Time Build Order
Export as new Build Order

A.I. 1 (Very Easy) Terran - Winner!

Build Orders:  

Get SALT Encoding   

  12  0:00  SCV  
  13  0:13  SCV  
  14  0:19  Supply Depot  
  14  0:36  Refinery  
  14  0:42  Barracks  
  14  1:05  Supply Depot  
  14  1:13  Refinery  
  14  1:28  Marine  
  14  1:30  Orbital Command  
  15  1:56  SCV  
  16  2:08  SCV  
  16  2:14  Barracks Tech Lab  
  17  2:20  SCV  
  18  2:32  Marine  
  18  2:33  SCV  
  20  2:45  SCV  
  21  2:57  SCV  
  22  3:18  Marauder  
  24  6:40  SCV  
  24  6:41  Marine  
  24  6:43  Supply Depot  
  24  6:45  Factory  
  26  6:48  Command Center  
  26  6:52  SCV  
  27  7:05  SCV, Supply Depot  
  28  7:14  Marine  
  29  7:17  SCV  
  26  7:34  Starport  
  26  7:48  Marine  
  27  8:01  SCV  
  28  8:08  SCV  
  28  8:09  Refinery  
  28  8:10  Refinery  
  29  8:13  Starport Tech Lab  
  29  8:15  SCV  
  30  8:21  Marine  
  30  8:23  SCV  
  32  8:30  SCV  
  32  8:31  Raven  
  35  8:37  SCV  
  36  8:44  SCV  
  37  8:51  SCV  
  37  8:55  Marine  
  38  8:58  SCV  
  40  9:05  SCV  
  41  9:13  SCV, Raven  
  44  9:20  SCV  
  45  9:27  SCV  
  45  9:29  Marauder  
  48  9:34  SCV  
  49  9:41  SCV  
  50  9:49  SCV  
Tags
 
Composition
Roach Hydra
League
Gold
Matchup
TvZ
Spawn Locations
Cross Positions
Add a new tag
Caveats
  • Supply blocks, unpowered buildings, or Contaminate may cause inaccurate times.
  • Supply counts are checked every 10 seconds.